 Dungeon Crawl Stone Soup version 0.30-a0-883-g5ad918d77d (webtiles) character file.

Game seed: 16647796118911116072

343 warriortoast the Trooper (level 6, -12/52 HPs)
             Began as a Barachi Fighter on Mar 16, 2023.
             Mangled by an ogre
             ... wielding a +0 giant club
              (24 damage)
             ... on level 3 of the Dungeon.
             The game lasted 00:13:08 (3499 turns).

warriortoast the Trooper (Barachi Fighter)          Turns: 3499, Time: 00:13:09

Health: -12/52     AC:  6    Str: 19    XL:     6   Next: 57%
Magic:  8/8        EV:  9    Int: 15    God:
Gold:   230        SH:  4    Dex: 11    Spells: 7/8 levels left

rFire   . . .      SeeInvis .    a - +0 war axe
rCold   . . .      Faith    .    c - +0 buckler
rNeg    . . .      Spirit   .    b - +0 scale mail
rPois   .          Reflect  .    (no helmet)
rElec   .          Rampage  .    (no cloak)
rCorr   .                        (no gloves)
Will    .....                    (no boots) Stlth
                                 (no amulet)
HPRegen 0.28/turn                o - +6 ring of intelligence
MPRegen 0.11/turn                (no ring)

@: slow
A: amphibious, slowness 1, strong legs 1, +LOS
a: Hop


You were on level 3 of the Dungeon.
You visited 1 branch of the dungeon, and saw 4 of its levels.
You also visited: Ossuary.

You collected 230 gold pieces.

Inventory:

Hand Weapons
 a - a +0 war axe (weapon)
Missiles
 k - 2 poisoned darts (quivered)
Armour
 b - a +0 scale mail (worn)
 c - a +0 buckler (worn)
Jewellery
 g - a ring of protection from cold
 l - a ring of magical power
 o - a +6 ring of intelligence (left hand)
Wands
 q - a wand of polymorph (7)
Scrolls
 e - 2 scrolls of fear
 f - a scroll of fog {unknown}
 h - 2 scrolls of amnesia {unknown}
 t - a scroll of enchant armour {unknown}
 u - a scroll of immolation {unknown}
 v - a scroll of magic mapping {unknown}
Potions
 d - 3 potions of might
 i - a potion of magic {unknown}
 j - 3 potions of curing
 m - 2 potions of brilliance
 p - a potion of heal wounds {unknown}
 r - 2 potions of attraction
 s - a potion of invisibility {unknown}


   Skills:
 + Level 6.1 Fighting
 + Level 4.8 Axes
 - Level 3.6 Armour
 - Level 3.2 Shields
 + Level 1.7 Spellcasting
 + Level 2.0 Conjurations


You had 7 spell levels left.
You knew the following spells:

 Your Spells              Type           Power      Damage    Failure   Level
a - Magic Dart            Conj           28%        1d4       36%         1

Your spell library contained the following spells:

 Spells                   Type           Power      Damage    Failure   Level
 Searing Ray              Conj           14%        2d5       50%         2
 Momentum Strike          Conj/Tloc      8%         3d8       65%         2
 Blink                    Tloc           2%         N/A       80%         2
 Call Imp                 Summ           1%         N/A       80%         2
 Lesser Beckoning         Tloc           2%         N/A       80%         2
 Mephitic Cloud           Conj/Pois/Air  3%         N/A       90%         3
 Ignite Poison            Fire/Tmut/Pois 1%         N/A       95%         3
 Kindle Blastsparks       Fire/Tloc/Air  2%         2d10      95%         3
 Fulminant Prism          Conj/Hex       2%         3d5       99%         4
 Freezing Cloud           Conj/Ice/Air   1%         6-21      100%        5


Dungeon Overview and Level Annotations

Branches:
Dungeon (4/15)            Ossuary (visited)
 Temple: D:4-7

Altars:
Nemelex Xobeh
Uskayaw

Shops:
D:3 =

Annotations:
D:2 1 runed translucent door, Crazy Yiuf
D:4 Ijyb, Pikel


Innate Abilities, Weirdness & Mutations

You are amphibious.
You cover ground slowly.
You can hop short distances.
You have an extended range of vision and can be seen from far away.


Message History

You hit the lemure but do no damage.
The lemure is heavily wounded.
You block the lemure's attack. x2
You slash the lemure!
You kill the lemure!
That felt strangely unrewarding.
No target in view!
No target in view!
You start resting.
HP restored.
You start waiting.
Done waiting.
You climb downwards.
Level annotation: Pikel
There is a stone staircase leading up here.
Found 5 gold pieces.
An ogre comes into view. It is wielding a +0 giant club.
The ogre shouts!
You hear a shout! x2
You throw a poisoned dart. The poisoned dart hits the ogre.
The ogre is poisoned.
Ijyb the Twisted Goblin comes into view.
She is wielding a +0 dagger and carrying a wand of digging (4).
You throw a poisoned dart. The poisoned dart hits the ogre.
The ogre looks even sicker.
The ogre is lightly wounded.
There is a stone staircase leading up here.
The ogre hits you with a +0 giant club!
You climb upwards.
There is a stone staircase leading down, spattered with blood here.
You hit the ogre.
The ogre is heavily wounded.
The ogre hits you with a +0 giant club!!
Ouch! That really hurt!
* * * LOW HITPOINT WARNING * * *
You are too injured to fight recklessly!
You slash the ogre!
The ogre is almost dead.
You completely miss the ogre.
The ogre is almost dead.
The ogre hits you with a +0 giant club!!
You die...

#.........# #..
#.#######.# ###
#.#.....#.# #.#.....#.#
#.'.._..#.#
###.#.....#.#######
#...#.....#........
##O#.#######.#####<.
#..@................
###.................
#######.......####.######.
#.......###.### #.# #.
#...........## #.######.
#.........#..### #.#......
####...........###.#.#####
#...........#.....#
###.........'.....#


You could see an ogre (poisoned).

Vanquished Creatures
  2 lemures (D:3)
  A centaur zombie (Ossuary)
  2 human zombies (Ossuary)
  Natasha (twice) (D:2)
  2 hound zombies (Ossuary)
  3 mummies (Ossuary)
  3 adders
  5 adder zombies (Ossuary)
  A worm (D:2)
  4 dart slugs
  An orc (D:4)
  8 endoplasms
  A giant cockroach (D:4)
  2 gnoll zombies (Ossuary)
  3 goblins
  6 hobgoblins
  3 jackals (D:2)
  2 kobolds
  4 quokkas
  5 ball pythons
  4 bats
  4 frilled lizards
  A goblin zombie (Ossuary)
  4 hobgoblin zombies (Ossuary)
  3 jackal zombies (Ossuary)
  3 kobold zombies (Ossuary)
  4 orc zombies (Ossuary)
  3 quokka zombies (Ossuary)
  11 rats
  3 rat zombies (Ossuary)
100 creatures vanquished.

Notes
Turn   | Place    | Note
-------+----------+-------------------------------------------
     0 | D:1      | warriortoast the Barachi Fighter began the quest for the
                  | Orb.
     0 | D:1      | Reached XP level 1. HP: 18/18 MP: 1/1
   161 | D:1      | Reached skill level 4 in Fighting
   161 | D:1      | Reached XP level 2. HP: 25/25 MP: 2/2
   493 | D:1      | Reached XP level 3. HP: 22/31 MP: 3/3
   731 | D:2      | Found a runed translucent door.
   732 | D:2      | Noticed Crazy Yiuf
  1011 | D:2      | Noticed Natasha
  1018 | D:2      | Killed Natasha
  1019 | D:2      | Reached XP level 4. HP: 38/38 MP: 4/4
  1205 | D:2      | Reached skill level 5 in Fighting
  1578 | D:2      | Noticed Natasha
  1588 | D:2      | Killed Natasha
  1589 | D:2      | Reached XP level 5. HP: 24/44 MP: 5/5
  2083 | D:3      | Identified the +2 leather armour of Pipsylun {-Cast rN++}
  2142 | D:3      | Learned a level 1 spell: Magic Dart
  2246 | D:3      | Found a sparkling altar of Nemelex Xobeh.
  2268 | D:3      | Found Xiblos's Jewellery Boutique.
  2385 | D:3      | Found a hide-covered altar of Uskayaw.
  2424 | D:4      | Found a sand-covered staircase.
  2434 | Ossuary  | Entered an ossuary
  2769 | Ossuary  | Reached skill level 1 in Conjurations
  2784 | Ossuary  | Reached skill level 1 in Spellcasting
  2811 | Ossuary  | Reached XP level 6. HP: 52/52 MP: 7/7
  2932 | Ossuary  | Reached skill level 6 in Fighting
  3149 | D:4      | Noticed Pikel
  3488 | D:4      | Noticed Ijyb
  3499 | D:3      | Mangled by an ogre

Illustrated notes

Levels and vault maps discovered:
D:1:      dpeg_arrival_rooms_with_view, layout_loops_ring,
          minmay_misc_feat_pillars, minmay_misc_feat_alley,
          corexii_item_surrounded_by_moat
D:2:      minmay_spotlight, layout_basic, uniq_crazy_yiuf_cottage, uniq_natasha
D:3:      layout_basic, amcnicky_altar_gilded, mainiacjoe_overflow_alcove_1,
          serial_shops, shop_statue
D:4:      layout_cave_pools, enter_ossuary_1, uniq_ijyb, uniq_pikel

Skill      XL: |  1  2  3  4  5  6 |
---------------+-------------------+-----
Fighting       | 4 5 6 |  6.1
Axes           | 3 4 |  4.8
Conjurations   | 1 2 |  2.0
Spellcasting   | 1 |  1.7
Armour         | |  3.6
Shields        | |  3.2

Action                     |  1- 3 |  4- 6 || total
---------------------------+-------+-------++-------
  Melee: War axe           |    70 |   233 ||   303
  Throw: Dart              |     7 |     9 ||    16
   Cast: Magic Dart        |       |     3 ||     3
Ability: Hop               |       |     1 ||     1
    Use: Scroll            |       |     6 ||     6
 Armour: Scale mail        |    29 |   109 ||   138
  Dodge: Dodged            |    25 |   104 ||   129
  Block: Buckler           |    14 |    53 ||    67

Table legend: (Time is in decaauts)
 A = Elapsed time spent in this place.
 B = Non-inter-level travel time spent in this place.
 C = Inter-level travel time spent in this place.
 D = Time resting spent in this place.
 E = Time spent auto-exploring this place.
 F = Levels seen in this place.
 G = Mean time per level.
                   A        B        C        D        E       F      G
               +--------+--------+--------+--------+--------+-----+--------+
         Total |   4027 |   3869 |    158 |    633 |   2389 |   5 |  805.4 |
       Dungeon |   3319 |   3161 |    158 |    371 |   2206 |   4 |  829.8 |
       Ossuary |    707 |    707 |      0 |    262 |    183 |   1 |  707.0 |
               +--------+--------+--------+--------+--------+-----+--------+

Top non-repeatable levels by time:
     D:2: 1587 daAuts
     D:1: 852 daAuts
     D:3: 734 daAuts
 Ossuary: 707 daAuts
     D:4: 146 daAuts
